 Dungeon Crawl Stone Soup version 0.22-a0-179-gb5258fd (webtiles) character file.

201 GrunderHorse the Charmwright (level 5, -6/43 HPs)
             Began as a Gnoll Skald on Feb 13, 2018.
             Killed by divine providence
             ... invoked by an orc priest
              (11 damage)
             ... on level 3 of the Dungeon.
             The game lasted 00:05:40 (2557 turns).

GrunderHorse the Charmwright (Gnoll Skald)          Turns: 2557, Time: 00:05:41

Health: -6/43      AC:  4    Str: 13    XL:     5   Next: 79%
Magic:  9/12       EV: 14    Int: 16    God:
Gold:   59         SH:  0    Dex: 15    Spells: 9/14 levels left

rFire    . . .     SeeInvis .   a - +0 falchion
rCold    . . .     Gourm    .   (no shield)
rNeg     . . .     Faith    .   b - +0 leather armour
rPois    .         Spirit   .   (no helmet)
rElec    .         Reflect  .   (no cloak)
rCorr    .         Harm     .   q - +0 pair of gloves
MR       .....                  (no boots)
Stlth    ++........             (no amulet)
HPRegen  0.14/turn              (no ring)
MPRegen  0.13/turn              (no ring)

@: no status effects
A: distributed training, fangs 1, strong nose
a: no special abilities


You were on level 3 of the Dungeon.
You were hungry.

You visited 1 branch of the dungeon, and saw 3 of its levels.

You collected 59 gold pieces.

Inventory:

Hand Weapons
 a - a +0 falchion (weapon)
 h - a +0 spear of venom
Missiles
 i - 17 poisoned needles
 k - 42 arrows
 l - 52 stones (quivered)
Armour
 b - a +0 leather armour (worn)
 q - a +0 pair of gloves (worn)
Jewellery
 g - an uncursed ring of resist corrosion {unknown}
Scrolls
 e - 4 scrolls of teleportation {unknown}
 f - a scroll of blinking {unknown}
 o - 2 scrolls of identify {unknown}
Potions
 j - a potion of brilliance {unknown}
 m - a potion of heal wounds {unknown}
 n - a potion of curing {unknown}
 p - a potion of degeneration {unknown}
Books
 c - a book of Battle

   Spells                             Type                      Level
   a - Infusion                       Charms                       1
   b - Shroud of Golubria             Charms/Translocation         2
   c - Song of Slaying                Charms                       2
   d - Spectral Weapon                Hexes/Charms                 3
   e - Regeneration                   Charms/Necromancy            3
Comestibles
 d - 3 rations
 r - 12 chunks of flesh


   Skills:
 + Level 4.8 Fighting
 + Level 1.6 Short Blades
 + Level 4.8 Long Blades
 + Level 1.6 Axes
 + Level 1.6 Maces & Flails
 + Level 1.6 Polearms
 + Level 1.6 Staves
 + Level 1.6 Slings
 + Level 1.6 Bows
 + Level 1.6 Crossbows
 + Level 1.6 Throwing
 + Level 3.0 Armour
 + Level 4.8 Dodging
 + Level 1.6 Stealth
 + Level 1.6 Shields
 + Level 1.6 Unarmed Combat
 + Level 5.2 Spellcasting
 + Level 1.2 Conjurations
 + Level 1.2 Hexes
 + Level 5.5 Charms
 + Level 1.2 Summonings
 + Level 1.2 Necromancy
 + Level 1.2 Translocations
 + Level 1.2 Transmutations
 + Level 1.2 Fire Magic
 + Level 1.2 Ice Magic
 + Level 1.2 Air Magic
 + Level 1.2 Earth Magic
 + Level 1.2 Poison Magic
 + Level 1.8 Invocations
 + Level 1.6 Evocations


You had 9 spell levels left.
You knew the following spells:

 Your Spells              Type           Power        Failure   Level  Hunger
a - Infusion              Chrm           ###.         1%          1    None
b - Song of Slaying       Chrm           ###.....     2%          2    #......
c - Shroud of Golubria    Chrm/Tloc      ###.......   7%          2    #......


Dungeon Overview and Level Annotations

Branches:
Dungeon (3/15)

Altars:
Hepliaklqana


Innate Abilities, Weirdness & Mutations

Your experience applies equally to all skills.
You have very sharp teeth.
Your uncanny sense of smell can sniff out nearby items.


Message History

Okay, then.
The orc priest looks encouraged for a moment.
The orc barely misses you. The orc hits you with a whip.
* * * LOW HITPOINT WARNING * * *
Your song is almost over.
Your magical infusion is running out.
Some of the chunks of flesh in your inventory have rotted away.
Your song has ended.
You are no longer magically infusing your attacks.
The orc priest looks braver for a moment.
You barely miss the orc. You bite the orc, but do no damage.
The orc closely misses you.
You riposte.
You barely miss the orc. Your bite misses the orc. You hit the orc.
Your bite misses the orc.
The orc is lightly wounded.
The orc closely misses you.
The orc priest mumbles some strange prayers to Beogh against you.
Beogh smites you!
You die...

#
############.#
#####
#.....Ko.o@..#
....#
#.############
###.###.#
.....##.#
###..##o#
###..##.#
.....##K#
####.##.# ####
#.##.# #..


You could see an orc priest, an orc and a kobold.

Vanquished Creatures
  A bullfrog (D:2)
  A crimson imp (D:3)
  A gnoll (D:1)
  An adder (D:2)
  An ooze (D:1)
  3 worms
  2 dart slugs (D:3)
  3 leopard geckos
  3 orcs (D:3)
  3 ball pythons
  6 bats
  2 giant cockroaches (D:1)
  7 goblins
  3 hobgoblins
  6 jackals
  8 kobolds
  A quokka (D:2)
  2 frilled lizards (D:3)
  8 rats
62 creatures vanquished.

Notes
Turn   | Place    | Note
-------+----------+-------------------------------------------
     0 | D:1      | GrunderHorse the Gnoll Skald began the quest for the Orb.
     0 | D:1      | Reached XP level 1. HP: 20/20 MP: 6/6
   157 | D:1      | Reached XP level 2. HP: 22/26 MP: 7/7
   382 | D:1      | Reached skill level 5 in Spellcasting
   382 | D:1      | Reached XP level 3. HP: 3/31 MP: 5/9
   661 | D:1      | Learned a level 2 spell: Song of Slaying
   664 | D:1      | Learned a level 2 spell: Shroud of Golubria
   864 | D:1      | Reached skill level 1 in Invocations
  1233 | D:2      | Noticed a bullfrog
  1238 | D:2      | Killed a bullfrog
  1238 | D:2      | Reached skill level 1 in Short Blades
  1238 | D:2      | Reached skill level 1 in Axes
  1238 | D:2      | Reached skill level 1 in Maces & Flails
  1238 | D:2      | Reached skill level 1 in Polearms
  1238 | D:2      | Reached skill level 1 in Staves
  1238 | D:2      | Reached skill level 1 in Slings
  1238 | D:2      | Reached skill level 1 in Bows
  1238 | D:2      | Reached skill level 1 in Crossbows
  1238 | D:2      | Reached skill level 1 in Throwing
  1238 | D:2      | Reached skill level 1 in Stealth
  1238 | D:2      | Reached skill level 1 in Shields
  1238 | D:2      | Reached skill level 1 in Unarmed Combat
  1238 | D:2      | Reached skill level 1 in Conjurations
  1238 | D:2      | Reached skill level 1 in Hexes
  1238 | D:2      | Reached skill level 1 in Summonings
  1238 | D:2      | Reached skill level 1 in Necromancy
  1238 | D:2      | Reached skill level 1 in Translocations
  1238 | D:2      | Reached skill level 1 in Transmutations
  1238 | D:2      | Reached skill level 1 in Fire Magic
  1238 | D:2      | Reached skill level 1 in Ice Magic
  1238 | D:2      | Reached skill level 1 in Air Magic
  1238 | D:2      | Reached skill level 1 in Earth Magic
  1238 | D:2      | Reached skill level 1 in Poison Magic
  1238 | D:2      | Reached skill level 1 in Evocations
  1238 | D:2      | Reached XP level 4. HP: 11/38 MP: 6/11
  1719 | D:2      | Reached XP level 5. HP: 43/43 MP: 9/12
  2462 | D:3      | Found a hazy altar of Hepliaklqana.
  2521 | D:3      | HP: 1/43 [orc priest/divine providence (11)]
  2534 | D:3      | HP: 2/43 [orc/whip (1)]
  2557 | D:3      | Killed from afar by an orc priest

Vault maps used:
D:1:      grunt_arrival_crossed_arrows
D:3:      overflow_temple_1_default, minmay_overflow_temple_hex,
          lemuel_round_altar, first_ration, grunt_decor_mini_mirrors,
          supply_closet_lemuel

Skill      XL: |  1  2  3  4  5 |
---------------+----------------+-----
Spellcasting   | 5 |  5.2
Invocations    | 1 |  1.8
Short Blades   | 1 |  1.6
Axes           | 1 |  1.6
Maces & Flails | 1 |  1.6
Polearms       | 1 |  1.6
Staves         | 1 |  1.6
Slings         | 1 |  1.6
Bows           | 1 |  1.6
Crossbows      | 1 |  1.6
Throwing       | 1 |  1.6
Stealth        | 1 |  1.6
Shields        | 1 |  1.6
Unarmed Combat | 1 |  1.6
Conjurations   | 1 |  1.2
Hexes          | 1 |  1.2
Summonings     | 1 |  1.2
Necromancy     | 1 |  1.2
Translocations | 1 |  1.2
Transmutations | 1 |  1.2
Fire Magic     | 1 |  1.2
Ice Magic      | 1 |  1.2
Air Magic      | 1 |  1.2
Earth Magic    | 1 |  1.2
Poison Magic   | 1 |  1.2
Evocations     | 1 |  1.6
Armour         | 3 |  3.0
Fighting       | |  4.8
Long Blades    | |  4.8
Dodging        | |  4.8
Charms         | |  5.5

Action                   |  1- 3 |  4- 6 || total
-------------------------+-------+-------++-------
Melee: Falchion          |    76 |   113 ||   189
       Bite              |     7 |    20 ||    27
       Punch             |     1 |     1 ||     2
 Cast: Infusion          |     2 |     1 ||     3
       Shroud of Golubri |       |     6 ||     6
       Song of Slaying   |       |     3 ||     3
 Stab: Sleeping          |     2 |     1 ||     3
  Eat: Chunk             |     1 |     4 ||     5
Armor: Leather armour    |    18 |    26 ||    44
Dodge: Dodged            |    66 |   108 ||   174
       Rpst.: Falchion   |    17 |    43 ||    60

Table legend:
 A = Spawn XP
 B = Non-spawn XP
 C = Spawn XP percentage of total XP
 D = Spawn monster count
 E = Non-spawn monster count
 F = Spawn count percentage of total count
 G = Total turns spent on level
                    A         B        C        D         E        F      G
               +---------+---------+-------+---------+---------+-------+---------
         Total |       0 |     288 |   0.0 |       0 |      62 |   0.0 |  2557
               +---------+---------+-------+---------+---------+-------+---------
           D:1 |       0 |      61 |   0.0 |       0 |      25 |   0.0 |  1202
           D:2 |       0 |     141 |   0.0 |       0 |      22 |   0.0 |  1120
           D:3 |       0 |      86 |   0.0 |       0 |      15 |   0.0 |   235
               +---------+---------+-------+---------+---------+-------+---------
